 Dungeon Crawl Stone Soup version 0.30-a0-830-gfe289a77b0 (webtiles) character file.

Game seed: 3407053412853157849

6928 Ceno the Carver (level 11, -23/130 HPs)
             Began as a Human Gladiator on Mar 1, 2023.
             Was a Follower of Elyvilon.
             Annihilated by an orc warlord
             ... wielding a +5 battleaxe
              (27 damage)
             ... in a bailey.
             The game lasted 00:41:00 (12905 turns).

Ceno the Carver (Human Gladiator)                  Turns: 12905, Time: 00:41:00

Health: -23/130    AC:  7    Str: 15    XL:     11   Next: 27%
Magic:  0/11       EV: 17    Int: 14    God:    Elyvilon [*.....]
Gold:   629        SH:  0    Dex: 19    Spells: 10/10 levels left

rFire   . . .      SeeInvis .    a - +1 long sword
rCold   . . .      Faith    .    (no shield)
rNeg    . . .      Spirit   +    d - +0 acid dragon scales
rPois   .          Reflect  .    c - +0 helmet
rElec   .          Harm     .    (no cloak)
rCorr   +          Rampage  .    (no gloves)
Will    .....                    (no boots) Stlth
                                 I - amulet of guardian spirit
HPRegen 0.41/turn                x - +6 ring of intelligence
MPRegen 0.12/turn                H - +5 ring of evasion

@: berserking, very quick
A: no striking features
a: Renounce Religion, Purification


You were in a bailey.
You worshipped Elyvilon.
Elyvilon was aware of your devotion.
You visited 2 branches of the dungeon, and saw 9 of its levels.
You also visited: Bailey.

You collected 629 gold pieces.

Inventory:

Hand Weapons
 a - a +1 long sword (weapon)
 b - a +0 sling
Missiles
 e - 2 javelins
 g - 58 stones
 k - 5 poisoned darts (quivered)
Armour
 c - a +0 helmet (worn)
 d - +0 acid dragon scales (worn)
 m - a +3 chain mail
Jewellery
 x - a +6 ring of intelligence (left hand)
 H - a +5 ring of evasion (right hand)
 I - an amulet of guardian spirit (around neck)
Wands
 A - a wand of acid (1)
 C - a wand of iceblast (4)
Scrolls
 f - 3 scrolls of enchant weapon
 i - 3 scrolls of teleportation
 j - 3 scrolls of fear
 r - a scroll of brand weapon {unknown}
 u - 3 scrolls of vulnerability
 v - a scroll of amnesia {unknown}
 y - a scroll of enchant armour {unknown}
 B - 2 scrolls of blinking {unknown}
 D - a scroll of summoning {unknown}
 F - a scroll of acquirement
 G - a scroll of immolation {unknown}
 L - a scroll of poison {unknown}
Potions
 h - 3 potions of degeneration
 l - 3 potions of cancellation
 n - a potion of mutation {unknown}
 o - a potion of flight {unknown}
 p - 2 potions of attraction
 q - a potion of berserk rage
 s - 3 potions of magic
 t - 5 potions of brilliance
 w - 2 potions of resistance {unknown}
 z - 2 potions of ambrosia
 E - 2 potions of haste {unknown}


   Skills:
 + Level 8.7 Fighting
 + Level 11.0 Long Blades
 * Level 9.7 Ranged Weapons
 - Level 2.0 Throwing
 - Level 3.0 Dodging


You had 10 spell levels left.
You didn't know any spells.
Your spell library contained the following spells:

 Spells                   Type           Power      Damage    Failure   Level
 Kiss of Death            Conj/Necr      0%         2d5       38%         1
 Shock                    Conj/Air       0%         1d3       38%         1
 Ensorcelled Hibernation  Hex/Ice        0%         N/A       52%         2
 Passwall                 Tmut/Erth      0%         N/A       52%         2
 Confusing Touch          Hex            0%         N/A       77%         3
 Swiftness                Air            0%         N/A       77%         3
 Airstrike                Air            0%         2d(0-16)  99%         4
 Dispel Undead            Necr           0%         3d6       99%         4
 Fireball                 Conj/Fire      0%         3d3       100%        5
 Iskenderun's Battlesphe  Conj           0%         2d6       100%        5
 Conjure Ball Lightning   Conj/Air       0%         3x3d6     100%        6
 Orb of Destruction       Conj           0%         9d5       100%        7


Dungeon Overview and Level Annotations

Branches:
Dungeon (8/15)             Temple (1/1) D:7          Bailey (1/1)
   Lair: D:8-11

Altars:
Cheibriados
Dithmenos
Elyvilon
Fedhas
Gozag
Hepliaklqana
Kikubaaqudgha
Makhleb
Qazlal
Ru
Uskayaw
Wu Jian
Xom
Yredelemnul
Zin

Shops:
D:2 *   D:7 *

Annotations:
D:3 2 runed translucent doors


Message History

The orc warlord struggles against the net.
You shoot a sling bullet.
The sling bullet hits the orc warlord but does no damage.
The orc warlord is moderately wounded.
The orc warlord is no longer covered in acid.
The orc warlord struggles against the net.
a - a +1 long sword (weapon)
You strike the helpless orc warlord from behind!
You hit the orc warlord.
The orc warlord is moderately wounded.
The orc warlord struggles against the net.
You strike the helpless orc warlord from behind!
You hit the orc warlord but do no damage.
The orc warlord is moderately wounded.
The orc warlord looks more healthy.
The orc warlord struggles against the net.
You hit the orc warlord but do no damage.
The orc warlord is moderately wounded.
The orc warlord struggles against the net.
The net rips apart, and the orc warlord comes free!
You hit the orc warlord but do no damage.
The orc warlord is moderately wounded.
The orc warlord hits you with a +5 battleaxe.
You slash the orc warlord!
The orc warlord is heavily wounded.
The orc warlord hits you with a +5 battleaxe!!
You closely miss the orc warlord.
The orc warlord is heavily wounded.
The orc warlord hits you with a +5 battleaxe!!
* * * LOW HITPOINT WARNING * * *
A red film seems to cover your vision as you go berserk!
You feel yourself moving faster!
You feel mighty!
The orc warlord hits you with a +5 battleaxe!!
* * * LOW HITPOINT WARNING * * *
You slash the orc warlord!
The orc warlord is heavily wounded.
You barely miss the orc warlord.
The orc warlord is heavily wounded.
The orc warlord hits you with a +5 battleaxe!!
You die...

.......# .).....#
......### ♣♣♣♣♣
....#'#.### ♣.♣.♣♣
#.###.....###♣♣♣....♣
###..)......##......♣♣
#.).........#.......♣
#......)....'.).....♣♣
#.....⌠.(.))'(o@.∩...♣
#........)..).).....♣♣
#.......))..#.......♣
###.......).##......♣♣
#.###.....###♣♣.....♣
....#'#.### ♣♣♣♣♣.♣
...)o)### ♣♣ ..)....#
.......#


You could see an orc warlord.

Vanquished Creatures
  Pikel (D:4)
  2 orc knights (Bailey)
  2 acid dragons
  Edmund (D:5)
  A water moccasin (D:7)
  5 black bears
  2 sky beasts
  5 ice beasts
  12 orc warriors
  3 ogres
  A centaur (D:7)
  4 phantoms
  4 lemures (D:4)
  A kobold brigand (D:7)
  6 bullfrogs
  3 necrophages
  A scorpion (D:6)
  3 wights (D:5)
  10 killer bees
  A howler monkey (D:4)
  6 hounds
  3 jellies
  2 gnoll boudas (D:6)
  An orc priest (D:5)
  2 iguanas (D:5)
  7 orc wizards
  12 gnolls
  15 adders
  2 shadow imps
  2 white imps
  2 ufetubi (D:5)
  2 worms
  5 dart slugs
  44 orcs
  8 endoplasms
  A giant cockroach (D:2)
  26 goblins
  13 hobgoblins
  7 kobolds
  A quokka (D:4)
  8 ball pythons
  6 bats
  4 frilled lizards
  5 rats
252 creatures vanquished.

Vanquished Creatures (others)
  8 plants (D:7)
8 creatures vanquished.

Grand Total: 260 creatures vanquished

Notes
Turn   | Place    | Note
-------+----------+-------------------------------------------
     0 | D:1      | Ceno the Human Gladiator began the quest for the Orb.
     0 | D:1      | Reached XP level 1. HP: 16/16 MP: 1/1
    95 | D:1      | Reached XP level 2. HP: 18/22 MP: 2/2
   348 | D:1      | Reached XP level 3. HP: 28/28 MP: 3/3
   880 | D:2      | Reached skill level 4 in Long Blades
   920 | D:2      | Found Qipeq's General Store.
  1127 | D:1      | Reached XP level 4. HP: 8/34 MP: 4/4
  1990 | D:3      | Reached XP level 5. HP: 28/41 MP: 5/5
  2340 | D:3      | Reached skill level 5 in Long Blades
  2585 | D:3      | Found a sacrificial altar of Ru.
  2798 | D:3      | Found an ornate altar of the Wu Jian Council.
  3074 | D:3      | Found a snail-covered altar of Cheibriados.
  3076 | D:3      | Found a blossoming altar of Fedhas.
  3076 | D:3      | Found a glowing golden altar of the Shining One.
  3078 | D:3      | Found a hide-covered altar of Uskayaw.
  3078 | D:3      | Found an iron altar of Okawaru.
  3078 | D:3      | Found a shimmering altar of Xom.
  3136 | D:3      | Found a large runed translucent door.
  3136 | D:3      | Found a large runed translucent door.
  3138 | D:3      | Found a shimmering altar of Xom.
  3322 | D:4      | Reached XP level 6. HP: 46/47 MP: 6/6
  3394 | D:4      | Noticed Pikel
  3508 | D:3      | Reached skill level 1 in Ranged Weapons
  4738 | D:5      | Entered Level 5 of the Dungeon
  4912 | D:4      | Reached skill level 6 in Long Blades
  4912 | D:4      | Reached XP level 7. HP: 39/54 MP: 7/7
  5662 | D:5      | Reached XP level 8. HP: 58/61 MP: 8/8
  5881 | D:5      | Reached skill level 7 in Long Blades
  6199 | D:5      | Reached skill level 5 in Fighting
  6709 | D:6      | Noticed Edmund
  7037 | D:4      | Killed Pikel
  7038 | D:4      | Reached skill level 8 in Long Blades
  7038 | D:4      | Reached XP level 9. HP: 69/69 MP: 9/9
  7469 | D:6      | Reached skill level 9 in Long Blades
  7469 | D:6      | Reached skill level 5 in Ranged Weapons
  7793 | D:5      | Killed Edmund
  7938 | D:6      | Found a stormy altar of Qazlal.
  8330 | D:7      | Found a staircase to the Ecumenical Temple.
  8341 | Temple   | Entered the Ecumenical Temple
  8460 | Temple   | Became a worshipper of Elyvilon the Healer
  8846 | D:6      | Reached XP level 10. HP: 77/77 MP: 10/10
  9598 | D:7      | Found a snail-covered altar of Cheibriados.
  9644 | D:7      | Found a blossoming altar of Fedhas.
  9645 | D:7      | Found a hide-covered altar of Uskayaw.
  9646 | D:7      | Found a hazy altar of Hepliaklqana.
  9717 | D:7      | Found Epsonergh's Serpentskin Sales.
  9732 | D:7      | Reached skill level 10 in Long Blades
 10286 | D:7      | Noticed a five-headed hydra
 10582 | D:6      | Elyvilon protects you from harm!
 11014 | D:7      | Noticed a cyclops
 11346 | D:8      | Reached * piety under Elyvilon
 11590 | D:8      | Found a flagged portal.
 11605 | Bailey   | Entered a bailey
 12211 | Bailey   | Reached XP level 11. HP: 58/86 MP: 6/11
 12409 | Bailey   | Elyvilon protects you from harm!
 12411 | Bailey   | HP: 3/86 [orc warrior/+0 war axe (14)]
 12514 | Bailey   | Noticed an orc knight
 12522 | Bailey   | Killed an orc knight
 12747 | Bailey   | Noticed an orc knight
 12757 | Bailey   | Killed an orc knight
 12758 | Bailey   | Reached skill level 11 in Long Blades
 12863 | Bailey   | Noticed an orc warlord
 12903 | Bailey   | HP: 4/130 [orc warlord/+5 battleaxe (18)]
 12905 | Bailey   | Annihilated by an orc warlord

Illustrated notes

Levels and vault maps discovered:
D:1:      dpeg_arrival_simpleton_c, layout_rooms, minmay_crystal_water,
          minmay_curled_crystal
D:2:      layout_basic, serial_shops, nicolae_shop_waterfront,
          minmay_misc_feat_pillars
D:3:      due_chaos_kobolds, layout_basic, nicolae_ru_awakened_eye,
          doesnt_xom_only_xom, pdpol_wu_jian_five_deadly_venoms,
          minmay_goblin_outpost
D:4:      layout_basic, uniq_pikel
D:5:      layout_cave_pools, kennysheep_donut, grunt_ministairs_3
D:6:      layout_basic, nicolae_overflow_hidden_temple,
          chequers_serial_rivers_micro_a, eino_curves_04, uniq_edmund
D:7:      nzn_winding_woodlands_stair_cross
          [nzn_winding_woodlands_5x15_split_checker,
          nzn_winding_woodlands_center_garden,
          nzn_winding_woodlands_5x15_sidewinder,
          nzn_winding_woodlands_5x5_cross, nzn_winding_woodlands_hourglass,
          nzn_winding_woodlands_5x15_jagged,
          nzn_winding_woodlands_center_triple_pond,
          nzn_winding_woodlands_5x15_twine], layout_rooms, minitemple,
          mainiacjoe_overflow_surrounded_room, slow_altar_1,
          minmay_temple_entry_crystal_x, guppyfry_shop_venom
D:8:      layout_basic, kennysheep_little_box, enter_bailey_2,
          nicolae_shop_clearance
Temple:   nicolae_temple_superstar
Bailey:   bailey_axe_minmay_hex_keep, bailey

Skill      XL: |  1  2  3  4  5  6  7  8  9 10 11 |
---------------+----------------------------------+-----
Long Blades    | 4 5 6 8 9 10 11 | 11.0
Fighting       | 3 4 5 6 8 |  8.7
Ranged Weapons | 2 3 4 6 8 9 |  9.7
Throwing       | |  2.0
Dodging        | |  3.0

Action                     |  1- 3 |  4- 6 |  7- 9 | 10-12 || total
---------------------------+-------+-------+-------+-------++-------
  Melee: Long sword        |    96 |   200 |   208 |   376 ||   880
         Punch             |       |     2 |     5 |     3 ||    10
   Fire: Sling             |       |    92 |    92 |   108 ||   292
  Throw: Javelin           |     3 |     5 |     1 |     2 ||    11
         Stone             |     3 |     5 |       |       ||     8
         Dart              |       |     1 |    30 |    21 ||    52
         Throwing net      |       |       |     2 |     4 ||     6
  Evoke: Wand              |       |       |     5 |    30 ||    35
    Use: Scroll            |       |     7 |     3 |     5 ||    15
         Potion            |       |       |       |     4 ||     4
   Stab: Sleeping          |     1 |       |       |       ||     1
         Held in net/web   |       |       |       |     2 ||     2
 Armour: Leather armour    |    31 |    13 |       |       ||    44
         Scale mail        |       |    81 |    80 |    53 ||   214
         Skin              |       |       |       |    81 ||    81
         Acid dragon scale |       |       |       |    23 ||    23
  Dodge: Dodged            |    56 |   124 |   121 |   274 ||   575

Table legend: (Time is in decaauts)
 A = Elapsed time spent in this place.
 B = Non-inter-level travel time spent in this place.
 C = Inter-level travel time spent in this place.
 D = Time resting spent in this place.
 E = Time spent auto-exploring this place.
 F = Levels seen in this place.
 G = Mean time per level.
                   A        B        C        D        E       F      G
               +--------+--------+--------+--------+--------+-----+--------+
         Total |  12965 |  12163 |    802 |   3886 |   3660 |  10 | 1296.5 |
       Dungeon |  11548 |  10773 |    775 |   3290 |   3530 |   8 | 1443.5 |
        Temple |    147 |    120 |     27 |      0 |    106 |   1 |  147.0 |
        Bailey |   1269 |   1269 |      0 |    596 |     24 |   1 | 1269.0 |
               +--------+--------+--------+--------+--------+-----+--------+

Top non-repeatable levels by time:
     D:6: 2107 daAuts
     D:4: 1919 daAuts
     D:5: 1870 daAuts
     D:3: 1832 daAuts
     D:7: 1398 daAuts
  Bailey: 1269 daAuts
     D:2: 1198 daAuts
     D:1: 781 daAuts
     D:8: 441 daAuts
  Temple: 147 daAuts
